 Dungeon Crawl Stone Soup version 0.20.1-1-g8b1a95d (webtiles) character file.

1047 Plasmagod the Insei (level 8, -4/63 HPs)
             Began as a Black Draconian Transmuter on Dec 29, 2017.
             Slain by a mummy (13 damage)
             ... in an ossuary.
             The game lasted 00:47:43 (4284 turns).

Plasmagod the Insei (Black Draconian Transmuter)    Turns: 4284, Time: 00:47:44

Health: -4/63      AC:  7    Str: 12    XL:     8   Next: 5%
Magic:  11/12      EV: 14    Int: 13    God:
Gold:   202        SH:  0    Dex: 15    Spells: 12/13 levels left

rFire    . . .     SeeInvis .   y - +2 whip (flame)
rCold    . . .     Gourm    .   (no shield)
rNeg     . . .     Faith    .   (armour unavailable)
rPois    .         Spirit   .   (helmet restricted)
rElec    +         Reflect  .   v - +0 cloak
rCorr    .         Harm     .   (no gloves)
MR       .....                  (boots currently unavailable)
Stlth    ++........             (no amulet)
Regen    0.2/turn               (no ring)
MPRegen  0.2/turn               (no ring)

@: short of breath, appendage (expiring), very slightly contaminated
A: breathe lightning, unfitting armour, talons 3, electricity resistance,
cold-blooded, AC +6
a: Breathe Lightning, End Transformation


You were in an ossuary.
You were not hungry.
You had grown temporary talons.
You visited 1 branch of the dungeon, and saw 5 of its levels.
You also visited: Ossuary.

You collected 202 gold pieces.

Inventory:

Hand Weapons
 h - a +2 dagger of venom
 t - a +1 dagger of draining
 u - a +3 quarterstaff of chaos
 y - a +2 whip of flaming (weapon)
Missiles
 a - 25 arrows (quivered)
Armour
 l - a +0 hat
 v - a +0 cloak (worn)
Magical Staves
 w - an uncursed staff of cold
Wands
 z - a wand of lightning (3/15)
 A - a wand of digging (19/24)
 C - a wand of polymorph (18/24)
Scrolls
 f - 4 scrolls of remove curse
 i - a scroll of fear
 n - 2 scrolls of identify
 o - a scroll of immolation {unknown}
 r - a scroll of teleportation {unknown}
Potions
 e - a potion of brilliance {unknown}
 g - 2 potions of magic
 j - a potion of agility
 k - a potion of lignification {unknown}
 q - a potion of curing
 s - a potion of heal wounds {unknown}
 x - a potion of might {unknown}
Books
 b - a book of Changes

   Spells                             Type                      Level
   a - Beastly Appendage              Transmutation                1
   b - Sticks to Snakes               Transmutation                2
   c - Spider Form                    Transmutation/Poison         3
   d - Ice Form                       Ice/Transmutation            4
   e - Blade Hands                    Transmutation                5
 m - a book of Frost

   Spells                             Type                      Level
   a - Freeze                         Ice                          1
   b - Throw Frost                    Conjuration/Ice              2
   c - Ozocubu's Armour               Charms/Ice                   3
   d - Throw Icicle                   Conjuration/Ice              4
   e - Summon Ice Beast               Ice/Summoning                4
Comestibles
 c - 4 bread rations
 d - 4 royal jellies
 p - 2 meat rations
 B - a chunk of flesh


   Skills:
 + Level 3.4 Fighting
 - Level 2.0 Short Blades
 - Level 3.5 Staves
 + Level 3.8 Dodging
 + Level 3.5 Stealth
 + Level 4.3 Unarmed Combat
 + Level 3.2 Spellcasting
 + Level 3.7 Transmutations


You had 12 spell levels left.
You knew the following spells:

 Your Spells              Type           Power        Failure   Level  Hunger
a - Beastly Appendage     Tmut           ##....       4%          1    #......


Dungeon Overview and Level Annotations

Branches:
Dungeon (5/15)
 Temple: D:4-7

Altars:


Innate Abilities, Weirdness & Mutations

You can breathe wild blasts of lightning.
Your glossy black scales are hard. (AC +6)
You cannot fit into any form of body armour.
You are resistant to electric shocks. (rElec)
You are cold-blooded and may be slowed by cold attacks.
You have claws for feet.


Message History

You found an alarm trap! x4
You found a net trap!
An arrow misses the mummy!
Casting: Beastly Appendage
Confirm with . or Enter, or press ? or * to list all spells.
Okay, then.
You breathe a wild blast of lightning!
You hear a mighty clap of thunder!
The bolt of lightning hits the mummy.
The mummy is severely damaged.
You hear a mighty clap of thunder! x2
The orb of electricity explodes!
You feel somewhat more hungry.
Your transformation is almost over.
The mummy hits you! x2
* * * LOW HITPOINT WARNING * * *
Okay, then.
As you read the scroll of fear, it crumbles to dust.
You assume a fearsome visage.
The mummy is unaffected. x3
The mummy hits you but does no damage. The mummy hits you!
You die...

##...##
#.....#
##.....##
#.......#
#.......#
#...∩...#
#.......#
#..MMM..#
#..@....#
#..^....#
##...^.##
+^..^.+
#.....#
+^....+
#.....#
+.....+


You could see 3 mummies.

Vanquished Creatures
  Pikel (D:4)
  Duvessa (D:5)
  2 slaves (D:4)
  Dowan (D:5)
  A scorpion (D:4)
  3 hounds
  Crazy Yiuf (D:3)
  2 orc priests (D:4)
  A bullfrog skeleton (D:5)
  An orc wizard (D:4)
  A worker ant (D:4)
  3 gnolls (D:5)
  5 adders
  An ooze (D:5)
  An adder skeleton (D:4)
  2 worms
  A leopard gecko (D:3)
  5 orcs
  3 ball pythons
  2 giant cockroaches
  3 goblins (D:1)
  9 hobgoblins
  6 jackals (D:5)
  A quokka (D:2)
  A ball python skeleton (D:4)
  4 bats
  4 frilled lizards
  5 kobolds
  An orc skeleton (D:5)
  An orc zombie (D:5)
  8 rats
  2 plants (D:4)
83 creatures vanquished.

Vanquished Creatures (others)
  Ijyb (D:4)
1 creature vanquished.

Grand Total: 84 creatures vanquished

Notes
Turn   | Place    | Note
-------+----------+-------------------------------------------
     0 | D:1      | Plasmagod the Draconian Transmuter began the quest for the Orb.
     0 | D:1      | Reached XP level 1. HP: 16/16 MP: 3/3
   217 | D:1      | Reached XP level 2. HP: 22/23 MP: 5/5
   781 | D:2      | Reached XP level 3. HP: 19/28 MP: 6/6
  1028 | D:2      | Reached skill level 1 in Short Blades
  1508 | D:2      | Reached XP level 4. HP: 35/35 MP: 7/7
  1965 | D:3      | Reached skill level 1 in Stealth
  2173 | D:3      | Found a runed door.
  2177 | D:3      | Noticed Crazy Yiuf
  2185 | D:3      | Killed Crazy Yiuf
  2517 | D:4      | Reached XP level 5. HP: 32/40 MP: 8/8
  2537 | D:4      | Reached skill level 1 in Staves
  2816 | D:4      | Noticed a slave
  2816 | D:4      | Noticed a slave
  2817 | D:4      | Noticed a slave
  2817 | D:4      | Noticed a slave
  2841 | D:4      | Killed a slave
  2850 | D:4      | Killed a slave
  3081 | D:4      | Reached XP level 6. HP: 42/48 MP: 8/10
  3222 | D:4      | Noticed Pikel
  3245 | D:4      | Killed Pikel
  3245 | D:4      | Your scales start taking on a glossy black colour.
  3245 | D:4      | Reached XP level 7. HP: 26/56 MP: 9/11
  3245 | D:4      | Gained mutation: You are resistant to electric shocks. (rElec) [Black Draconian growth]
  3390 | D:4      | Killed Ijyb
  3707 | D:5      | Entered Level 5 of the Dungeon
  4200 | D:5      | Noticed Duvessa
  4200 | D:5      | Noticed Dowan
  4220 | D:5      | Killed Duvessa
  4220 | D:5      | Reached skill level 4 in Unarmed Combat
  4220 | D:5      | Killed Dowan
  4220 | D:5      | Reached XP level 8. HP: 29/63 MP: 12/12
  4263 | D:5      | Found a sand-covered staircase.
  4268 | Ossuary  | Entered an ossuary
  4284 | Ossuary  | Slain by a mummy

Skill      XL: |  1  2  3  4  5  6  7 |
---------------+----------------------+-----
Short Blades   | 1 2 |  2.0
Dodging        | 2 3 |  3.8
Stealth        | 1 2 3 |  3.5
Staves         | 1 3 |  3.5
Fighting       | 2 3 |  3.4
Spellcasting   | 3 |  3.2
Transmutations | 3 |  3.7
Unarmed Combat | 4 |  4.3

Action                   |  1- 3 |  4- 6 |  7- 9 || total
-------------------------+-------+-------+-------++-------
Melee: Dagger            |    66 |    31 |       ||    97
       Unarmed           |     5 |       |   128 ||   133
       Tailslap          |     3 |    11 |    23 ||    37
       Headbutt          |     3 |     3 |     5 ||    11
       Kick              |     4 |     4 |     6 ||    14
       Punch             |     1 |       |     3 ||     4
       Quarterstaff      |       |    74 |    13 ||    87
       Whip              |       |       |     2 ||     2
 Cast: Beastly Appendage |     9 |    13 |     9 ||    31
 Abil: Breathe Lightning |       |       |     4 ||     4
Evoke: Wand              |       |       |     1 ||     1
  Use: Scroll            |     2 |     1 |     2 ||     5
       Potion            |       |     2 |     2 ||     4
 Stab: Sleeping          |     2 |     3 |       ||     5
       Paralysed         |       |     2 |       ||     2
  Eat: Chunk             |     2 |     6 |       ||     8
       Fruit             |       |       |     2 ||     2
       Bread ration      |       |       |     1 ||     1
Armor: Skin              |    22 |    24 |    28 ||    74
Dodge: Dodged            |    32 |    66 |    66 ||   164
